[Event "Collegiate Chess League: Fall 2023"]
[Site "Chess.com"]
[Date "2023.10.21"]
[Round "4"]
[White "Raja, Harshit"]
[Black "Lee, Linden"]
[Result "0-1"]
[WhiteElo "2729"]
[BlackElo "2574"]
[ECO "B11"]
[EventDate "2023.??.??"]
[Annotator "rafael"]
[PlyCount "146"]
[Beauty "5635802431047"]
[EventType "team-tourn"]
[TimeControl "300+2"]

1.e4 c6 2.Nf3 d5 3.Nc3 Bg4 4.h3 Bxf3 5.Qxf3 e6 6.d4 {White has many alternatives here.} ( 6.d3 ) ( 6.g3 ) ( 6.Be2 ) 6...dxe4 7.Nxe4 {A pawn sacrifice that is suitable for blitz but maybe not for a game in classical control.} ( 7.Qxe4 {is safer.} ) 7...Nd7 ( 7...Qxd4 $1 {[%c_effect d4;square;d4;type;GreatFind;persistent;true] I believe Black should take this pawn, and once I did it in a rapid game against my friend, GM Felgaer. It followed:} 8.Bd3 Nd7 9.Be3 Qd5 {and my opponent was unable to gain compensation. Felgaer-Leitao, Santos (rapid) 2005.} ) 8.Bd3 Ngf6 9.c3 Nxe4 10.Bxe4 ( 10.Qxe4 {is more accurate. After} 10...Nf6 11.Qe2 {The queen is better placed on e2. We will find out the reason when analyzing the game continuation.} ) 10...Nf6 11.Bc2 Qd5 $1 {[%c_effect d5;square;d5;type;GreatFind;persistent;true] This is the point. White would prefer to keep queens on the board, so Black's move is unpleasant to face.} 12.Qg3 ( 12.Qxd5 {Of course, it's not the end of the world to exchange queens when all three captures are possible. In all cases the position is close to equality.} 12...Nxd5 ( 12...cxd5 ) ( 12...exd5 ) ) 12...Nh5 ( 12...g6 {is more natural, and it was played in a GM game.} 13.O-O Bg7 14.Bb3 Qd7 15.Re1 O-O 16.Bg5 {with a slight advantage for White in Safarli-Solak, Antalya 2013.} ) 13.Qe3 Nf6 14.O-O Bd6 15.Bb3 ( 15.Re1 O-O 16.Qd3 {is possible, setting up the well-known queen and bishop battery. White is slightly better.} ) 15...Qh5 16.Bd1 Qf5 17.g4 {It's always difficult to decide on the advance of the kingside pawns, especially when you have more solid options.} ( 17.c4 {This avoids the knight jump to d5 and should always be considered.} ) ( 17.Bf3 Nd5 18.Qe2 {also leads to a slight plus for White.} ) 17...Qa5 ( 17...Qg6 {is an interesting alternative, but in a blitz game, a player certainly has fears regarding queen safety.} ) 18.Qf3 Qc7 19.Kg2 $6 {[%c_effect g2;square;g2;type;Inaccuracy;persistent;true] This invites Black's plan.} ( 19.c4 {is better, avoiding ...Nd5.} ) 19...Nd5 20.c4 Nf4+ 21.Kh1 ( 21.Bxf4 {is reasonable. The position is a bit more comfortable for Black after} 21...Bxf4 ) 21...Ng6 ( 21...g5 {is a solid alternative, reinforcing the knight's position.} ) 22.Bc2 Nh4 ( 22...Qe7 $1 {[%c_effect e7;square;e7;type;GreatFind;persistent;true] is the right way to preserve the initiative. The bishop now can retreat to a better diagonal after c4-c5, and the queen is looking at the kingside.} ) 23.Qe4 h5 $6 ( 23...O-O-O {is better.} ) 24.c5 ( 24.g5 {is also unpleasant:} 24...Nf5 ( 24...Ng6 25.f4 $1 ) 25.c5 Be7 26.g6 $1 {[%c_effect g6;square;g6;type;GreatFind;persistent;true] The e6-pawn will suffer, and Black has problems on the light squares.} ) 24...Bh2 $2 {[%c_effect h2;square;h2;type;Mistake;persistent;true] This bold move would never cross my mind, although it worked well in the game.} ( 24...Be7 25.g5 Nf5 ( 25...Ng6 26.Bb3 ) 26.g6 $1 {[%c_effect g6;square;g6;type;GreatFind;persistent;true] with the initiative.} ) 25.f4 $2 {[%c_effect f4;square;f4;type;Mistake;persistent;true] The game turns around immediately. White actually has three winning alternatives.} ( 25.g5 {is a very sophisticated win:} 25...Nf5 ( 25...Ng6 26.f4 ) 26.d5 $1 {[%c_effect d5;square;d5;type;GreatFind;persistent;true] A difficult move.} 26...cxd5 27.Qa4+ {This is the idea.} 27...Kf8 28.Bxf5 exf5 29.Re1 {The computer proves that White is winning, but this assessment is not immediately clear.} ) ( 25.gxh5 Rxh5 ( 25...Nf5 26.Qg4 ) 26.f4 Bg3 27.Qe3 {The bishop cannot be saved.} ) ( 25.Bg5 Ng6 ( 25...hxg4 26.Qxg4 ) 26.f4 hxg4 27.Kxh2 Rxh3+ 28.Kg2 {Compared to the game, the knight is in a worse position, and Black has no compensation for the piece.} ) 25...hxg4 26.Kxh2 ( 26.hxg4 {doesn't help:} 26...Ng6 27.Kg2 O-O-O {with a winning attack. White's king is without shelter, for instance:} 28.Be3 Rh4 29.Qf3 f5 $1 30.gxf5 Bxf4 ) 26...Nf5 {Surprisingly, White is lost. The h3-pawn falls, and the attack is too strong.} 27.Qe5 $2 ( 27.Rh1 {is objectively the best move, but things look ugly after} 27...O-O-O ) 27...Rxh3+ 28.Kg1 Rg3+ $2 {[%c_effect g3;square;g3;type;Mistake;persistent;true] Black had a beautiful winning combination. I feel bad giving this move a question mark, as the right one is really difficult to see in a blitz game.} ( 28...Qd8 $3 {[%c_effect d8;square;d8;type;Brilliant;persistent;true] 28...Qe7 is the same.} 29.Bxf5 Qh4 30.Be4 Qg3+ 31.Bg2 Qh2+ 32.Kf2 Rf3+ 33.Ke1 Qg3+ $1 34.Kd1 Qxg2 35.Rxf3 gxf3 {After this forced sequence, Black wins material.} 36.Bd2 Qg1+ 37.Qe1 f2 $1 ) ( 28...Qe7 ) 29.Kf2 Rf3+ 30.Ke1 $2 {[%c_effect e1;square;e1;type;Mistake;persistent;true] Too optimistic.} ( 30.Kg1 {finishes the game in perpetual check.} ) 30...Qa5+ 31.Bd2 ( 31.Ke2 {loses (among others) to} 31...Ng3+ ) 31...Rxf1+ 32.Kxf1 Qxd2 33.Bxf5 g3 $1 {[%c_effect g3;square;g3;type;GreatFind;persistent;true] The final touch: Black regains the bishop and achieves a winning material advantage.} 34.Qe2 Qxf4+ 35.Kg2 Qxf5 36.Rf1 Qd5+ 37.Qf3 Qxf3+ 38.Rxf3 f6 ( 38...Rd8 {is probably simpler.} ) 39.Rxg3 Kf7 40.Rb3 Rb8 ( 40...b5 {is good enough:} 41.cxb6 axb6 42.Rxb6 Rxa2 ) 41.a4 b6 42.Kf3 Rh8 $2 {[%c_effect h8;square;h8;type;Mistake;persistent;true] A blunder that throws away the game.} ( 42...f5 {followed by Kf6, g7-g5 with an easy win.} ) 43.Kg2 $2 {[%c_effect g2;square;g2;type;Mistake;persistent;true] A blunder in return.} ( 43.cxb6 $1 {[%c_effect b6;square;b6;type;GreatFind;persistent;true] wins a pawn back.} 43...axb6 ( 43...Rh3+ $2 {[%c_effect h3;square;h3;type;Mistake;persistent;true] Both players certainly missed that this move is not possible:} 44.Kg2 Rxb3 45.bxa7 {There's no way to stop the a-pawn.} ) 44.Rxb6 ) 43...bxc5 {Now Black is winning again, and this evaluation remains unchanged.} 44.dxc5 Re8 ( 44...Rh5 {is also good.} 45.Rb7+ Kg6 46.b4 a5 $1 ) 45.Rb7+ Re7 46.Rb8 Rc7 {Black is ready to advance the three passed pawns.} 47.b4 e5 48.Kf3 Ke6 49.Rd8 Rb7 ( 49...Kf5 {is simple and good.} ) 50.b5 cxb5 51.c6 Rc7 52.axb5 {The c6-pawn is not good enough to save White.} 52...f5 53.Ke3 g5 54.Kd3 g4 55.Kc4 Rg7 56.Re8+ Kd6 57.Rd8+ Kc7 58.Ra8 Kd6 59.Rd8+ Ke6 60.Re8+ Re7 61.Rg8 e4 $1 62.Kc5 e3 63.Rh8 f4 {Three passed pawns are too much.} 64.Rh6+ Kf5 65.Rh5+ Ke4 66.Kd6 Rg7 67.Re5+ Kf3 68.c7 Rxc7 69.Kxc7 g3 70.Kb7 g2 71.Rg5 e2 72.Kxa7 e1=Q 73.b6 Qe7+ 0-1

[Event "E Grand Swiss 2023"]
[Site "Chess.com"]
[Date "2023.10.29"]
[Round "5"]
[White "Erigaisi, Arjun"]
[Black "Jumabayev, Rinat"]
[Result "1-0"]
[WhiteElo "2712"]
[BlackElo "2585"]
[ECO "C65"]
[EventDate "2023.??.??"]
[Annotator "rafael"]
[PlyCount "135"]
[Beauty "5982621008436"]
[EventType "team-tourn"]
[EventCountry "FID"]
[TimeControl "40/5400+30:1800+30"]

1.e4 e5 2.Nf3 Nc6 3.Bb5 Nf6 4.d3 Bc5 5.c3 d5 6.exd5 Qxd5 7.Bc4 Qd6 8.b4 Bb6 9.Nbd2 ( 9.a4 {is played more often.} ) 9...Bg4 {A new move. Jumabayev had used a lot of time already, so I doubt it was prepared beforehand.} ( 9...Bf5 10.Ng5 O-O 11.Nde4 Nxe4 12.dxe4 Qxd1+ 13.Kxd1 Bg4+ {with a balanced game, the theory goes much deeper.} ) ( 9...O-O ) 10.a4 {Judging by the continuation of the game, it's possible to say that castling immediately is more accurate.} ( 10.O-O ) 10...e4 $1 {[%c_effect e4;square;e4;type;GreatFind;persistent;true] A very strong pawn sacrifice.} 11.dxe4 ( 11.Qe2 $2 {[%c_effect e2;square;e2;type;Mistake;persistent;true] leads to catastrophe:} 11...O-O-O $1 12.dxe4 Nh5 $1 {[%c_effect h5;square;h5;type;GreatFind;persistent;true] The knight gets ready to go to f4. Black's huge development advantage is going to tell.} ) ( 11.Nxe4 Nxe4 12.dxe4 Qf6 $1 {[%c_effect f6;square;f6;type;GreatFind;persistent;true] with excellent compensation for the pawn.} ) 11...a5 $1 {[%c_effect a5;square;a5;type;GreatFind;persistent;true] It's necessary to give some air for the bishop.} ( 11...Ne5 $6 12.Be2 {is better for White.} ) 12.bxa5 ( 12.b5 $2 Ne5 {This is a much more favorable version for Black, since he doesn't have to worry about the bishop on b6.} ) 12...Nxa5 13.Bb5+ c6 14.Be2 O-O-O 15.O-O {For the sacrificed pawn, Black has an advantage in development and attacking chances. But his next move allows White to simplify the position.} 15...Rhe8 $6 ( 15...Bxf3 $1 {[%c_effect f3;square;f3;type;GreatFind;persistent;true] is the best way to play.} 16.Bxf3 ( 16.Nxf3 $2 Qxd1 17.Bxd1 Nxe4 ) 16...Bc7 17.g3 h5 $1 {[%c_effect h5;square;h5;type;GreatFind;persistent;true] with good attacking chances on the kingside.} ) 16.e5 Qe6 17.exf6 Qxe2 18.Qxe2 Rxe2 19.fxg7 {Changing the queens must have been a great relief for Erigaisi.} 19...Rg8 20.Nd4 Ree8 ( 20...Bxd4 $1 {[%c_effect d4;square;d4;type;GreatFind;persistent;true] is better:} 21.cxd4 Rxg7 22.Ra3 Be6 {Black is very active and should hold the endgame.} ) 21.Ba3 Rxg7 22.Rfe1 {Now White has a serious advantage. The compensation for the pawn is not adequate anymore.} 22...Rd8 $6 ( 22...Rgg8 {gives better chances.} ) 23.Rab1 Bc7 24.Re7 ( 24.Bb4 {is strong, putting pressure on Black's knight that is out of play.} ) 24...Bh3 25.g3 b6 {Jumabayev tries to play c6-c5, but he has no time.} 26.Bb4 $1 Nb7 27.Nc4 Rg6 {Defending the c6-pawn but leaving f7 to its fate.} 28.Rxf7 c5 29.Nb5 Rd7 30.Rxd7 Bxd7 31.Ba3 {White is two pawns up, and we could think that the game is decided, but we will still have an almost inexhaustible amount of adventures.} 31...Be6 32.Ne3 $6 ( 32.Na7+ $1 {[%c_effect a7;square;a7;type;GreatFind;persistent;true] closes the game immediately, since another pawn falls.} 32...Kd8 33.Nxb6 ) 32...Bf4 33.Bc1 Na5 34.Ng2 ( 34.Nd5 $1 {[%c_effect d5;square;d5;type;GreatFind;persistent;true] uses a tactical idea to simplify:} 34...Bxd5 ( 34...Bxc1 35.Ne7+ {wins material.} ) 35.Bxf4 {with a winning endgame.} ) 34...Bb8 35.Bf4 Bb3 36.Bxb8 Kxb8 37.f4 $1 {[%c_effect f4;square;f4;type;GreatFind;persistent;true] Passed pawns must be pushed. This saying never gets old.} 37...Bxa4 38.f5 Rg8 39.Ne3 Rd8 40.Na3 ( 40.f6 {White can keep pushing the pawn, but the move played in the game is also good.} ) 40...Bb3 41.Kf2 ( 41.c4 $1 {[%c_effect c4;square;c4;type;GreatFind;persistent;true] is indicated by the computer as a more precise way.} 41...Kc7 42.Re1 {followed by the advance of the kingside.} ) 41...Kc7 42.Kf3 Kc6 43.g4 ( 43.c4 {again is good.} ) 43...Rd2 ( 43...b5 {deserves consideration.} ) 44.f6 Kd7 {The king must come to the defense.} ( 44...Rxh2 $2 45.Rxb3 Nxb3 46.f7 {The pawn promotes.} ) 45.Re1 Rxh2 46.c4 $2 {[%c_effect c4;square;c4;type;Mistake;persistent;true] This move throws away the win, but Black's task is far from easy.} ( 46.Nf5 Ra2 47.Nb5 {White has an easy win with the active knights, the rook ready to go for the seventh rank, and the passed pawn about to queen.} ) 46...Ra2 $1 {[%c_effect a2;square;a2;type;GreatFind;persistent;true] The only defense.} 47.Nb5 ( 47.f7 Ke7 $1 ) 47...Nxc4 48.Nxc4 Bxc4 49.Re7+ Kc6 50.Na7+ Kd6 51.Nc8+ Kc6 52.Rxh7 {Both sides have passed pawns, but the white ones are more advanced.} 52...Ra8 ( 52...Ra1 $1 {[%c_effect a1;square;a1;type;GreatFind;persistent;true] is the best way to make a draw.} 53.g5 Rg1 54.Rg7 Rf1+ {It's not easy for White to advance the pawns. The computer indicates equality.} ) 53.Ne7+ Kd6 54.Kf4 b5 $2 {[%c_effect b5;square;b5;type;Mistake;persistent;true] This move loses.} ( 54...Ke6 $1 {[%c_effect e6;square;e6;type;GreatFind;persistent;true] is necessary.} 55.Kg5 ( 55.g5 Ra1 $1 {[%c_effect a1;square;a1;type;GreatFind;persistent;true] with a draw.} ) 55...b5 $1 {[%c_effect b5;square;b5;type;GreatFind;persistent;true] Black is able to save the endgame.} ) 55.Nf5+ Kc6 56.g5 b4 57.g6 b3 {This is one of the most extraordinary endgames I've ever seen. A fight of attack and counterattack, pawns against pawns, similar to a study with incredible moves popping up at all times. The reader will do well to analyze this position carefully without rushing, as the delight with the moves played and those that remained hidden is the true reason to love chess. Like a John le Carré spy thriller, the twists and turns take place until the last moment, when the plot is finally unraveled with a surprising outcome.} 58.f7 $2 {[%c_effect f7;square;f7;type;Mistake;persistent;true] This is the first mistake, but the players were dealing with a superhuman task.} ( 58.Rh2 $1 {[%c_effect h2;square;h2;type;GreatFind;persistent;true] The pawn must be stopped on b3.} 58...Rb8 59.Rb2 $1 Kd7 60.Kg5 {The white king joins the party, supporting the pawns.} ) 58...b2 59.Rh1 Ba2 $2 ( 59...Bxf7 $1 {[%c_effect f7;square;f7;type;GreatFind;persistent;true] This leads to a pretty draw:} 60.gxf7 Rf8 61.Nh6 c4 62.Ke3 Rd8 $1 {[%c_effect d8;square;d8;type;GreatFind;persistent;true] This fine detail was probably missed by Jumabayev. The king is cut, and White will lose the f-pawn, leading the game to a theoretically drawn endgame.} ) 60.Ke5 $1 Kb5 ( 60...b1=Q 61.Rxb1 Bxb1 62.g7 {and White queens.} ) 61.Nd6+ $2 ( 61.Rf1 $3 {[%c_effect f1;square;f1;type;Brilliant;persistent;true] This extraordinary move, which is even hard to explain, is the only way to win.} 61...Kb4 62.Ne7 {White wins in all lines, for example:} 62...Bxf7 63.gxf7 c4 64.Nd5+ $1 Kb3 65.Rf3+ $1 Kc2 66.Nc3 b1=Q 67.Nxb1 Kxb1 68.Kd4 ) ( 61.Kf6 Kb4 ) 61...Kb4 62.Ne8 {It seems like the f-pawn is going to promote, which is true, but the game isn't over.} 62...Bxf7 63.gxf7 Ra1 $3 {[%c_effect a1;square;a1;type;Brilliant;persistent;true] A remarkable resource $1} 64.Rh4+ {The best chance.} ( 64.f8=Q Rxh1 65.Qf4+ c4 {Surprisingly, White has no more than a draw.} ) 64...Ka5 $1 {[%c_effect a5;square;a5;type;GreatFind;persistent;true] The only square. One has to admire Jumabayev's play in this endgame.} ( 64...Kb3 65.f8=Q b1=Q 66.Qf3+ {with a decisive attack with the heavy pieces.} ) 65.f8=Q b1=Q $2 {[%c_effect b1;square;b1;type;Mistake;persistent;true] A slip at the last moment.} ( 65...Re1+ $3 {[%c_effect e1;square;e1;type;Brilliant;persistent;true] is the way to force a draw.} 66.Kd5 b1=Q {The exchange of positions between Black's queen and rook is essential, as the rook now controls more important squares. If the c5-pawn is captured, then Black forces the exchange of queens.} ) 66.Nd6 $1 {[%c_effect d6;square;d6;type;GreatFind;persistent;true] A study-like move that clinches the game. Black's checks will soon be over, and White will be ready for the decisive onslaught.} 66...Qb2+ ( 66...Qe1+ 67.Re4 Qc3+ 68.Kd5 Qd3+ 69.Kc6 Qa6+ 70.Kd7 Qa7+ 71.Ke6 {No more checks.} ) 67.Ke6 Qe2+ 68.Kd7 {Black resigned before Erigaisi began the sequence of deadly checks. The Indian GM's games seem like magnets for adventure. They always guarantee lots of fun.} 1-0